 Dungeon Crawl Stone Soup version 0.27-a0-1194-g35abcb9 (webtiles) character file.

Game seed: 5782554597696123234

102537 GeorgeSoros the Thaumaturge (level 16, -2/125 HPs)
             Began as a Gnoll Wanderer on May 22, 2021.
             Was a High Priest of Vehumet.
             Killed from afar by Nikola (19 damage)
             ... with a chain lightning
             ... on level 2 of the Snake Pit on May 26, 2021.
             The game lasted 02:25:54 (40835 turns).

GeorgeSoros the Thaumaturge (Gnoll Wanderer)       Turns: 40835, Time: 02:25:56

Health: -2/125     AC: 20    Str: 15    XL:     16   Next: 33%
Magic:  14/31      EV: 17    Int: 27    God:    Vehumet [*****.]
Gold:   851        SH: 12    Dex: 20    Spells: 2/38 levels left

rFire    . . .     SeeInvis +   Y - +2 long sword (vamp)
rCold    . . .     Faith    +   T - +0 kite shield
rNeg     . . .     Spirit   .   B - +0 swamp dragon scales
rPois    +         Reflect  .   v - +0 helmet of Sorcery {Dex+3}
rElec    .         Harm     .   p - +2 cloak
rCorr    .         Rampage  .   q - +1 pair of gloves
Will     +....                  e - +1 pair of boots
Stlth    ++++......             F - amulet of faith
HPRegen  0.30/turn              O - ring of Foipag {Str+6 Dex+5 SInv}
MPRegen  0.22/turn              d - +6 ring of intelligence

@: no status effects
A: fangs 1, strong nose, distributed training
a: Renounce Religion


You were on level 2 of the Snake Pit.
You worshipped Vehumet.
Vehumet was extremely pleased with you.
You visited 5 branches of the dungeon, and saw 26 of its levels.
You also visited: Ossuary.

You collected 2419 gold pieces.
You spent 1568 gold pieces at shops.

Inventory:

Hand Weapons
 a - a +2 longbow of flaming
 b - the +4 flail "Jecver" {speed, Str+7}
   (You found it on level 6 of the Lair of Beasts)

   Attacks with this weapon are significantly faster.
   It affects your strength (+7).
 s - a +4 double sword of holy wrath
 A - the +5 mace "Riub" {pain, rElec Dex+3}
   (You found it on level 6 of the Lair of Beasts)

   In the hands of one skilled in necromantic magic, it inflicts extra damage on
   living creatures.
   It affects your dexterity (+3).
   It insulates you from electricity.
 Y - a +2 vampiric long sword (weapon)
Missiles
 h - 495 arrows
 J - 3 throwing nets
Armour
 e - a +1 pair of boots (worn)
 p - a +2 cloak (worn)
 q - a +1 pair of gloves (worn)
 v - the +0 helmet of Sorcery (worn) {Dex+3}
   (You bought it in a shop on level 2 of the Orcish Mines)

   It affects your dexterity (+3).
 B - +0 swamp dragon scales (worn)
 T - a +0 kite shield (worn)
Jewellery
 d - a +6 ring of intelligence (right hand)
 u - a ring of flight
 F - an amulet of faith (around neck)
 N - an amulet of regeneration
 O - the ring of Foipag (left hand) {Str+6 Dex+5 SInv}
   (You found it on level 10 of the Dungeon)

   [ring of strength]

   It affects your strength (+6).
   It affects your dexterity (+5).
   It lets you see invisible.
 V - a ring of resist corrosion
Wands
 i - a wand of iceblast (49)
 m - a wand of acid (25)
 t - a wand of paralysis (19)
 E - a wand of flame (63)
 L - a wand of mindburst (27)
 X - a wand of polymorph (13)
Scrolls
 n - 2 scrolls of summoning
 w - 7 scrolls of teleportation
 x - 8 scrolls of blinking
 y - 5 scrolls of fear
 G - 3 scrolls of magic mapping
 I - 2 scrolls of identify
 P - a scroll of immolation
 U - a scroll of brand weapon
 W - 3 scrolls of amnesia
Potions
 c - 3 potions of berserk rage
 f - 8 potions of curing
 g - 3 potions of brilliance
 j - 3 potions of heal wounds
 k - 6 potions of mutation
 l - 7 potions of might
 o - 3 potions of cancellation
 r - 2 potions of haste
 z - 5 potions of flight
 C - 2 potions of magic
 D - 3 potions of ambrosia
 Q - a potion of invisibility
Miscellaneous
 H - a lightning rod (4/4)
 K - a box of beasts
 M - a phantom mirror


   Skills:
 + Level 11.0 Fighting
 + Level 10.7 Short Blades
 + Level 10.7 Long Blades
 + Level 10.7 Axes
 + Level 10.7 Maces & Flails
 + Level 10.7 Polearms
 + Level 10.7 Staves
 + Level 10.7 Slings
 + Level 11.0 Bows
 + Level 10.7 Crossbows
 + Level 10.7 Throwing
 + Level 11.0 Armour
 + Level 10.7 Dodging
 + Level 10.7 Stealth
 + Level 11.0 Shields
 + Level 10.7 Unarmed Combat
 + Level 11.7 Spellcasting
 + Level 9.9 Conjurations
 + Level 9.1 Hexes
 + Level 9.1 Summonings
 + Level 9.1 Necromancy
 + Level 9.1 Translocations
 + Level 9.1 Transmutations
 + Level 9.1 Fire Magic
 + Level 9.1 Ice Magic
 + Level 9.1 Air Magic
 + Level 9.1 Earth Magic
 + Level 9.4 Poison Magic
 + Level 11.6 Invocations
 + Level 11.0 Evocations


You had 2 spell levels left.
You knew the following spells:

 Your Spells              Type           Power      Damage    Failure   Level
a - Foxfire               Conj/Fire      100%       2x1d9     1%          1
b - Poisonous Vapours     Pois/Air       100%       N/A       1%          2
c - Mephitic Cloud        Conj/Pois/Air  61%        N/A       1%          3
d - Stone Arrow           Conj/Erth      100%       3d13      1%          3
e - Lee's Rapid Deconstr  Erth           30%        3d17*     1%          5
f - Summon Lightning Spi  Summ/Air       60%        N/A       2%          4
g - Fireball              Conj/Fire      30%        3d13      1%          5
h - Orb of Destruction    Conj           31%        9d12      34%         7
i - Freezing Cloud        Conj/Ice/Air   30%        6-21      9%          6

Your spell library contained the following spells:

 Spells                   Type           Power      Damage    Failure   Level
 Iron Shot                Conj/Erth      30%        9d6       9%          6
 Corona                   Hex            66%        N/A       1%          1
 Sandblast                Erth           100%       2d20      1%          1
 Ensorcelled Hibernation  Hex/Ice        100%       N/A       1%          2
 Passwall                 Tmut/Erth      50%        N/A       1%          2
 Static Discharge         Conj/Air       61%        N/A       1%          2
 Confusing Touch          Hex            60%        N/A       1%          3
 Conjure Flame            Conj/Fire      61%        6-21      1%          3
 Dazzling Flash           Conj/Hex       100%       N/A       1%          3
 Gell's Gravitas          Tloc           30%        N/A       1%          3
 Portal Projectile        Hex/Tloc       100%       N/A       1%          3
 Tukima's Dance           Hex            60%        N/A       1%          3
 Hailstorm                Conj/Ice       61%        3d13      1%          4
 Iskenderun's Battlesphe  Conj           62%        2d11      1%          5
 Yara's Violent Unravell  Hex/Tmut       30%        3d13      1%          5
 Ice Form                 Ice/Tmut       60%        N/A       2%          4
 Passage of Golubria      Tloc           N/A        N/A       2%          4
 Petrify                  Tmut/Erth      60%        N/A       2%          4
 Summon Ice Beast         Ice/Summ       60%        N/A       2%          4
 Manifold Assault         Tloc           60%        N/A       7%          5
 Metabolic Englaciation   Hex/Ice        30%        N/A       7%          5
 Dispersal                Tloc           30%        N/A       36%         6
 Simulacrum               Ice/Necr       30%        N/A       36%         6
 Ozocubu's Refrigeration  Ice            30%        4d11      45%         7
 Disjunction              Tloc           30%        N/A       100%        8


Dungeon Overview and Level Annotations

Branches:
Dungeon (15/15)            Temple (1/1) D:6            Lair (6/6) D:10
  Swamp (0/4) Lair:2        Snake (2/4) Lair:2        Slime (0/5) Lair:6
    Orc (2/2) D:11            Elf (0/3) Orc:2        Vaults (0/5) D:13
Ossuary (visited)
 Depths: D:15

Altars:
Ashenzari
Cheibriados
Dithmenos
Elyvilon
Fedhas
Gozag
Hepliaklqana
Kikubaaqudgha
Makhleb
Nemelex Xobeh
Okawaru
Qazlal
Ru
Sif Muna
Trog
Uskayaw
Vehumet
Wu Jian
Xom
Yredelemnul
Zin
The Shining One
Jiyva

Shops:
D:2 ?   D:7 *   D:8 *   D:10 *   D:12 *   Orc:2 *!?*

Annotations:
D:4 3 runed translucent doors, Remcycle's ghost, amateur DjFi
D:5 2 transporters, RazingBull's ghost, novice MiFi
D:9 3 runed translucent doors, Hienro's ghost, novice MiFi; yodipie's ghost, novice DrHu
D:10 3 runed translucent doors, enarc13's ghost, novice FeTm
Lair:5 1 runed translucent door, MercyWheel's ghost, journeyman DgAE
Snake:2 Nikola


Innate Abilities, Weirdness & Mutations

You have very sharp teeth.
Your uncanny sense of smell can sniff out nearby items.
Your experience applies equally to all skills.


Message History

Nikola is engulfed in freezing vapours.
Nikola is engulfed in freezing vapours.
Casting: Freezing Cloud (dangerous; 9% risk of failure)
Confirm with . or Enter, or press ? or * to list all spells.
Aiming: Freezing Cloud (dangerous; 9% risk of failure)
Press: ? - help, Dir - move target, f/p - Nikola
Aim: Nikola, wielding a +4 rapier of electrocution, wearing a +0 cloak and wearing a +0 pair of gloves (freezing vapour, lightly wounded) There's already a cloud there.
Okay, then.
The stone arrow hits Nikola!!
Nikola is moderately wounded.
Nikola is engulfed in freezing vapours.
Nikola says, "You don't look like a good insulator."
Casting: Stone Arrow (safe; 1% risk of failure)
Confirm with . or Enter, or press ? or * to list all spells.
Aiming: Freezing Cloud (dangerous; 9% risk of failure)
Press: ? - help, Dir - move target, p - Nikola That beam is likely to hit you.
Continue anyway?
You are engulfed in freezing vapours.
Nikola is engulfed in freezing vapours.
Nikola mumbles some strange words.
You hear a mighty clap of thunder!
The lightning arc hits you!!
The lightning arc hits Nikola!
The lightning arc hits you!!
The lightning arc grounds out.
Nikola is engulfed in freezing vapours.
The stone arrow hits Nikola!!
Nikola is severely wounded.
Nikola is engulfed in freezing vapours.
Nikola gestures wildly while chanting.
You hear a mighty clap of thunder!
The lightning arc hits you!
The lightning arc hits Nikola.
The lightning arc hits you!
The lightning arc hits Nikola.
The lightning arc hits you!!
* * * LOW HITPOINT WARNING * * *
You feel much better.
Nikola is engulfed in freezing vapours.
Nikola mumbles some strange words.
You hear a mighty clap of thunder!
The lightning arc hits you!!
* * * LOW HITPOINT WARNING * * *
The lightning arc hits Nikola.
The lightning arc hits you!!
You die...

#.#.###.#..<#....#.###..#........
....#...#.......##.....##........
...##...#####...#......#.........
.......#####....#.....##.........
##.#####♣.♣##.###....§#§.........
.....##..>..### ###.§§§§######...
....##.).....######§§§#......####
...##...###...##.§@§§.#........
...#♣)♣## ##♣.♣#@####.###..#.##
.####'# #.##.# ### #.# .. .# #..#
#^...# ## ####.## ###### .....#
..#### .## ##


You could see Nikola.

Vanquished Creatures
  Jorgrun (D:15)
  Nessos (Lair:4)
  A fire dragon (D:15)
  10 hydras
  4 naga warriors
  3 vault guards (D:13)
  2 boulder beetles
  A catoblepas (Lair:6)
  3 two-headed ogres
  5 anacondas
  2 centaur warriors
  3 orc high priests (Orc:2)
  A shock serpent (Snake:2)
  A naga sharpshooter (Snake:2)
  Sonja (Lair:3)
  3 sea snakes (Snake:1)
  2 bog bodies (Lair:2)
  A wizard (D:13)
  A deep elf pyromancer (D:13)
  A naga ritualist (Snake:1)
  4 orc knights
  3 oklob plants
  3 mana vipers (Snake:1)
  4 orc sorcerers
  4 ugly things
  7 salamanders
  4 elephants (Lair:5)
  5 naga magi
  2 guardian serpents (Snake:2)
  17 black mambas
  23 cane toads
  A torpor snail (Lair:3)
  2 gargoyles
  Maggie (D:8)
  A kobold demonologist (D:12)
  14 komodo dragons
  3 rime drakes
  2 yaktaurs
  2 polar bears
  5 trolls
  5 tyrant leeches (Lair:6)
  2 hornets
  19 blink frogs
  5 dream sheep
  A vampire (D:12)
  Sigmund (D:6)
  77 yaks
  2 wraiths
  4 wyverns
  3 basilisks
  6 vampire mosquitoes
  A warg (Orc:1)
  6 nagas
  23 water moccasins
  3 ice beasts
  3 sky beasts
  4 black bears
  A necrophage (D:5)
  15 orc warriors
  3 ogres
  15 wolves
  3 centaurs
  A kobold brigand (D:8)
  23 bullfrogs
  A gnoll sergeant (D:8)
  A water moccasin zombie (D:6)
  4 scorpions
  2 wyvern zombies (D:8)
  A water moccasin skeleton (D:4)
  15 killer bees
  8 wights
  6 electric eels (Snake:1)
  3 hounds
  6 centaur zombies
  19 orc priests
  2 gnoll shamans
  2 centaur skeletons
  A jelly (D:8)
  4 iguanas
  20 orc wizards
  5 hell rats
  A hound zombie (D:5)
  A hound skeleton (D:4)
  A howler monkey zombie (D:9)
  4 mummies
  10 adders
  19 gnolls
  2 white imps
  3 ufetubi
  A worm (D:2)
  A dart slug (D:8)
  53 orcs
  7 endoplasms
  3 giant cockroaches
  9 goblins
  5 hobgoblins
  17 jackals
  7 kobolds
  2 quokkas
  2 ball pythons
  3 bats
  3 frilled lizards
  3 goblin zombies
  2 hobgoblin zombies (Ossuary)
  4 kobold zombies
  5 rats
  A bush (Lair:6)
649 creatures vanquished.

Vanquished Creatures (collateral kills)
  A vault guard (D:13)
  Fannar (D:10)
  A naga warrior (Snake:2)
  2 hydras
  2 centaur warriors
  A two-headed ogre (D:12)
  3 naga sharpshooters
  A deep elf knight (D:13)
  A naga ritualist (Snake:1)
  2 orc knights (Orc:2)
  A cyclops (D:13)
  2 manticores (D:13)
  A black mamba (Snake:1)
  A naga mage (Snake:1)
  A gargoyle (D:12)
  A troll (D:13)
  2 yaks (D:11)
  A wraith (D:10)
  A basilisk (D:13)
  5 nagas
  5 orc warriors
  An ogre (Orc:1)
  6 orc wizards
  13 orcs
  A foxfire (D:5)
57 creatures vanquished.

Vanquished Creatures (others)
  930 foxfires
  55 fungi
  124 plants
  4 withered plants (D:9)
1113 creatures vanquished.

Grand Total: 1819 creatures vanquished

Notes
Turn   | Place    | Note
-------+----------+-------------------------------------------
     0 | D:1      | GeorgeSoros the Gnoll Wanderer began the quest for the Orb.
     0 | D:1      | GeorgeSoros set off with the following items: a +2
                  | shortbow, 25 arrows, a +0 kite shield, a +0 robe; and the
                  | following spell memorised: Foxfire; and the following
                  | spells available to memorise: Conjure Flame
     0 | D:1      | Reached XP level 1. HP: 17/17 MP: 6/6
   308 | D:1      | Upgraded the game from 0.27-a0-1190-g813e06a to
                  | 0.27-a0-1191-g601b473
   357 | D:1      | Reached XP level 2. HP: 23/23 MP: 7/7
   616 | D:1      | Found a faded altar of an unknown god.
  1328 | D:2      | Reached skill level 5 in Spellcasting
  1328 | D:2      | Reached XP level 3. HP: 28/28 MP: 4/9
  1454 | D:2      | Reached skill level 1 in Invocations
  1466 | D:2      | Reached skill level 1 in Short Blades
  1466 | D:2      | Reached skill level 1 in Long Blades
  1466 | D:2      | Reached skill level 1 in Axes
  1466 | D:2      | Reached skill level 1 in Maces & Flails
  1466 | D:2      | Reached skill level 1 in Polearms
  1466 | D:2      | Reached skill level 1 in Staves
  1466 | D:2      | Reached skill level 1 in Slings
  1466 | D:2      | Reached skill level 1 in Crossbows
  1466 | D:2      | Reached skill level 1 in Throwing
  1466 | D:2      | Reached skill level 1 in Dodging
  1466 | D:2      | Reached skill level 1 in Stealth
  1466 | D:2      | Reached skill level 1 in Unarmed Combat
  1667 | D:2      | Reached XP level 4. HP: 27/34 MP: 1/11
  2248 | D:2      | Found Irecy's Magic Scroll Boutique.
  2256 | D:2      | Bought a scroll of identify for 28 gold pieces
  2294 | D:2      | Reached skill level 1 in Hexes
  2294 | D:2      | Reached skill level 1 in Summonings
  2294 | D:2      | Reached skill level 1 in Necromancy
  2294 | D:2      | Reached skill level 1 in Translocations
  2294 | D:2      | Reached skill level 1 in Transmutations
  2294 | D:2      | Reached skill level 1 in Fire Magic
  2294 | D:2      | Reached skill level 1 in Ice Magic
  2294 | D:2      | Reached skill level 1 in Air Magic
  2294 | D:2      | Reached skill level 1 in Earth Magic
  2524 | D:2      | Reached XP level 5. HP: 10/40 MP: 9/12
  3509 | D:3      | Found an opulent altar of Gozag.
  4563 | D:4      | Found a runed translucent gate.
  4563 | D:4      | Found a runed translucent gate.
  4563 | D:4      | Found a runed translucent gate.
  4678 | D:4      | Reached XP level 6. HP: 45/47 MP: 10/13
  4949 | D:4      | Noticed a hornet
  4953 | D:4      | Killed a hornet
  4954 | D:4      | Reached XP level 7. HP: 41/52 MP: 11/15
  5070 | D:4      | Found a hide-covered altar of Uskayaw.
  5090 | D:4      | Noticed Remcycle's ghost (amateur DjFi)
  5108 | D:4      | Found a shimmering blue altar of Sif Muna.
  6055 | D:5      | Entered Level 5 of the Dungeon
  6055 | D:5      | Noticed RazingBull's ghost (novice MiFi)
  6324 | D:5      | Reached XP level 8. HP: 60/60 MP: 5/16
  7436 | D:5      | Found a transporter.
  7438 | D:5      | Noticed a two-headed ogre
  7469 | D:5      | Found a transporter.
  7843 | D:6      | Found a staircase to the Ecumenical Temple.
  7856 | D:6      | Reached skill level 5 in Conjurations
  7856 | D:6      | Reached XP level 9. HP: 58/66 MP: 18/18
  7864 | Temple   | Entered the Ecumenical Temple
  8039 | Temple   | Became a worshipper of Vehumet
  8706 | D:6      | Noticed Sigmund
  8719 | D:6      | Killed Sigmund
  8903 | D:7      | Found Zupi's Assorted Antiques.
  8915 | D:7      | Reached skill level 5 in Fighting
  8915 | D:7      | Reached skill level 5 in Bows
  8915 | D:7      | Reached skill level 5 in Armour
  8915 | D:7      | Reached skill level 5 in Shields
  8915 | D:7      | Reached skill level 5 in Evocations
  8964 | D:7      | Found a sand-covered staircase.
  8988 | Ossuary  | Entered an ossuary
 10296 | D:7      | Found a stormy altar of Qazlal.
 10297 | D:7      | Found a broken altar of Ashenzari.
 10297 | D:7      | Found a glowing silver altar of Zin.
 10304 | D:7      | Reached * piety under Vehumet
 10304 | D:7      | Offered knowledge of Sandblast by Vehumet.
 10305 | D:7      | Reached skill level 5 in Invocations
 10462 | D:7      | Found an ancient bone altar of Kikubaaqudgha.
 10824 | D:7      | Reached XP level 10. HP: 72/74 MP: 17/20
 10839 | D:8      | Found a snail-covered altar of Cheibriados.
 11037 | D:8      | Noticed Maggie
 11063 | D:8      | Killed Maggie
 11064 | D:8      | Reached skill level 5 in Short Blades
 11064 | D:8      | Reached skill level 5 in Long Blades
 11064 | D:8      | Reached skill level 5 in Axes
 11064 | D:8      | Reached skill level 5 in Maces & Flails
 11064 | D:8      | Reached skill level 5 in Polearms
 11064 | D:8      | Reached skill level 5 in Staves
 11064 | D:8      | Reached skill level 5 in Slings
 11064 | D:8      | Reached skill level 5 in Crossbows
 11064 | D:8      | Reached skill level 5 in Throwing
 11064 | D:8      | Reached skill level 5 in Dodging
 11064 | D:8      | Reached skill level 5 in Stealth
 11064 | D:8      | Reached skill level 5 in Unarmed Combat
 11119 | D:8      | Offered knowledge of Poisonous Vapours by Vehumet.
 11123 | D:8      | Learned a level 2 spell: Poisonous Vapours
 11184 | D:8      | Reached ** piety under Vehumet
 11259 | D:8      | Found Wojum's General Store.
 12065 | D:8      | Identified the +4 flail "Wec Erph" {vorpal, *Noise rF++}
 12191 | D:8      | Noticed a two-headed ogre
 12213 | D:8      | Killed a two-headed ogre
 12214 | D:8      | Reached skill level 5 in Poison Magic
 12509 | D:8      | Offered knowledge of Mephitic Cloud by Vehumet.
 12517 | D:8      | Learned a level 3 spell: Mephitic Cloud
 13029 | D:9      | Reached *** piety under Vehumet
 13303 | D:9      | Found a runed translucent gate.
 13304 | D:9      | Found a runed translucent gate.
 13305 | D:9      | Found a runed translucent gate.
 13306 | D:9      | Noticed yodipie's ghost (novice DrHu)
 13306 | D:9      | Noticed Hienro's ghost (novice MiFi)
 13348 | D:9      | Reached XP level 11. HP: 67/83 MP: 15/22
 13930 | D:9      | Learned a level 3 spell: Stone Arrow
 14164 | D:10     | Entered Level 10 of the Dungeon
 14164 | D:10     | Noticed Fannar
 14176 | D:10     | Killed Fannar
 14177 | D:10     | Reached skill level 5 in Hexes
 14177 | D:10     | Reached skill level 5 in Summonings
 14177 | D:10     | Reached skill level 5 in Necromancy
 14177 | D:10     | Reached skill level 5 in Translocations
 14177 | D:10     | Reached skill level 5 in Transmutations
 14177 | D:10     | Reached skill level 5 in Fire Magic
 14177 | D:10     | Reached skill level 5 in Ice Magic
 14177 | D:10     | Reached skill level 5 in Air Magic
 14177 | D:10     | Reached skill level 5 in Earth Magic
 14179 | D:10     | Found a staircase to the Lair.
 14184 | D:10     | Noticed an oklob plant
 14185 | D:10     | Identified the ring of Foipag {Str+6 Dex+5 SInv}
 14334 | D:10     | Paralysed by a hornet for 1 turns
 14518 | D:10     | Found a runed translucent gate.
 14518 | D:10     | Found a runed translucent gate.
 14518 | D:10     | Found a runed translucent gate.
 14519 | D:10     | Found an opulent altar of Gozag.
 14520 | D:10     | Noticed a boulder beetle
 14522 | D:10     | Noticed enarc13's ghost (novice FeTm)
 14523 | D:10     | Noticed a stone giant
 14525 | D:10     | Found Peweupud's Assorted Antiques.
 14567 | D:10     | Noticed a two-headed ogre
 14579 | D:10     | Killed a two-headed ogre
 14897 | D:10     | Offered knowledge of Hailstorm by Vehumet.
 15186 | D:10     | Learned a level 5 spell: Lee's Rapid Deconstruction
 15835 | D:11     | Noticed a four-headed hydra
 15842 | D:11     | Noticed a two-headed ogre
 15848 | D:11     | Killed a four-headed hydra
 15864 | D:11     | Killed a two-headed ogre
 16121 | D:11     | Noticed a centaur warrior
 16133 | D:11     | Killed a centaur warrior
 17052 | D:10     | Killed an oklob plant
 17301 | Lair:1   | Entered Level 1 of the Lair of Beasts
 17324 | Lair:1   | Reached XP level 12. HP: 91/91 MP: 24/24
 17703 | Lair:1   | Reached **** piety under Vehumet
 17794 | Lair:1   | Learned a level 4 spell: Hailstorm
 17979 | Lair:1   | Offered knowledge of Fireball by Vehumet.
 18222 | Lair:1   | Learned a level 5 spell: Fireball
 18238 | Lair:1   | You fall into a shaft and drop 1 floor!
 18854 | Lair:2   | Found a staircase to the Snake Pit.
 18952 | Lair:2   | Noticed a seven-headed hydra
 18962 | Lair:2   | Killed a seven-headed hydra
 19157 | Lair:2   | Noticed an eight-headed hydra
 19164 | Lair:2   | Killed an eight-headed hydra
 19353 | Lair:2   | Found a staircase to the Swamp.
 19726 | Lair:2   | Reached ***** piety under Vehumet
 19796 | Lair:2   | Reached XP level 13. HP: 80/98 MP: 21/26
 19988 | Lair:2   | Offered knowledge of Orb of Destruction by Vehumet.
 21716 | Lair:3   | Noticed Sonja
 21719 | Lair:3   | Killed Sonja
 22477 | Lair:4   | Noticed Nessos
 22482 | Lair:4   | Killed Nessos
 22991 | Lair:4   | Found a white marble altar of Elyvilon.
 23304 | Lair:5   | Learned a level 7 spell: Orb of Destruction
 23566 | Lair:5   | Reached skill level 10 in Spellcasting
 23788 | Lair:5   | Found a runed translucent door.
 23808 | Lair:5   | Noticed MercyWheel's ghost (journeyman DgAE)
 24031 | Lair:5   | Offered knowledge of Olgreb's Toxic Radiance by Vehumet.
 24629 | Lair:5   | Reached XP level 14. HP: 106/108 MP: 22/28
 24884 | Lair:6   | Entered Level 6 of the Lair of Beasts
 26375 | Lair:6   | Reached skill level 10 in Invocations
 27475 | Lair:6   | Offered knowledge of Eringya's Noxious Bog by Vehumet.
 27887 | Lair:6   | Identified the +0 fustibalus of Xawoup {vorpal, Fly rElec
                  | Dex-5 Stlth+}
 27895 | Lair:6   | Identified a scroll of acquirement
 27895 | Lair:6   | Acquired a book of the Warp
 28066 | Lair:6   | Identified the Handbook of Supportive Attacks
 28073 | Lair:6   | Learned a level 4 spell: Summon Lightning Spire
 28117 | Lair:6   | Identified the +4 flail "Jecver" {speed, Str+7}
 28150 | Lair:6   | Found a viscous altar of Jiyva.
 28150 | Lair:6   | Found a staircase to the Slime Pits.
 28582 | Lair:6   | Identified the +5 mace "Riub" {pain, rElec Dex+3}
 28584 | Lair:6   | Identified the +4 rapier "Literis" {freeze, rElec rCorr
                  | Str+2 Dex+4}
 28848 | Lair:6   | Upgraded the game from 0.27-a0-1191-g601b473 to
                  | 0.27-a0-1193-g8631133
 29088 | D:11     | Found a staircase to the Orcish Mines.
 29890 | D:12     | Found Laffiurr's Assorted Antiques.
 29964 | D:12     | Bought a scroll labelled LUFYHIA WIARAE for 29 gold pieces
 30004 | D:12     | Reached skill level 10 in Fighting
 30004 | D:12     | Reached skill level 10 in Bows
 30004 | D:12     | Reached skill level 10 in Armour
 30004 | D:12     | Reached skill level 10 in Shields
 30004 | D:12     | Reached skill level 10 in Evocations
 30334 | D:12     | You fall into a shaft and drop 1 floor!
 30825 | D:13     | Reached XP level 15. HP: 115/115 MP: 20/29
 31019 | D:13     | You fall into a shaft and drop 2 floors!
 31019 | D:15     | Entered Level 15 of the Dungeon
 31404 | D:14     | You fall into a shaft and drop 1 floor!
 31696 | D:15     | Noticed Jorgrun
 31711 | D:15     | Killed Jorgrun
 32251 | D:15     | Identified the +3 ring mail "Paoh" {rC+ Int-4 SInv}
 33304 | D:13     | Reached skill level 10 in Short Blades
 33304 | D:13     | Reached skill level 10 in Long Blades
 33304 | D:13     | Reached skill level 10 in Axes
 33304 | D:13     | Reached skill level 10 in Maces & Flails
 33304 | D:13     | Reached skill level 10 in Polearms
 33304 | D:13     | Reached skill level 10 in Staves
 33304 | D:13     | Reached skill level 10 in Slings
 33304 | D:13     | Reached skill level 10 in Crossbows
 33304 | D:13     | Reached skill level 10 in Throwing
 33304 | D:13     | Reached skill level 10 in Dodging
 33304 | D:13     | Reached skill level 10 in Stealth
 33304 | D:13     | Reached skill level 10 in Unarmed Combat
 33539 | D:13     | Offered knowledge of Lightning Bolt by Vehumet.
 33878 | D:13     | Found a gate to the Vaults.
 33983 | Orc:1    | Entered Level 1 of the Orcish Mines
 34006 | Orc:1    | Learned a level 6 spell: Freezing Cloud
 34603 | Orc:2    | Entered Level 2 of the Orcish Mines
 35566 | Orc:2    | Found a staircase to the Elven Halls.
 36381 | Orc:2    | Found Vyjos's General Store.
 36381 | Orc:2    | Found Linotirr's Assorted Antiques.
 36383 | Orc:2    | Found Qalac's Distillery.
 36383 | Orc:2    | Found Totoitih's Magic Scroll Boutique.
 36392 | Orc:2    | Bought a potion of heal wounds for 60 gold pieces
 36392 | Orc:2    | Bought a potion of heal wounds for 60 gold pieces
 36395 | Orc:2    | Bought a fine helmet for 275 gold pieces
 36395 | Orc:2    | Identified the +0 helmet of Sorcery {Dex+3} (You bought it
                  | in a shop on level 2 of the Orcish Mines)
 36419 | Orc:2    | Bought a scroll of acquirement for 780 gold pieces
 36419 | Orc:2    | Acquired a +2 double sword of holy wrath
 36427 | Orc:2    | Upgraded the game from 0.27-a0-1193-g8631133 to
                  | 0.27-a0-1194-g35abcb9
 36430 | Orc:2    | Bought a scroll of enchant weapon for 112 gold pieces
 36447 | Orc:2    | Bought a scroll of amnesia for 101 gold pieces
 36447 | Orc:2    | Bought a scroll of amnesia for 101 gold pieces
 36451 | Orc:2    | Bought a scroll of identify for 22 gold pieces
 36613 | Snake:1  | Entered Level 1 of the Snake Pit
 36763 | Snake:1  | Offered knowledge of Iron Shot by Vehumet.
 37726 | Snake:1  | Reached XP level 16. HP: 112/124 MP: 12/31
 38991 | Snake:2  | Noticed Nikola
 40835 | Snake:2  | Killed from afar by Nikola

Illustrated notes

Levels and vault maps discovered:
D:1:      psy_arrival_radial01, layout_loops_ring,
          shapermc_ecumenical_altar_mp_vishouse, minivault_4
D:2:      minmay_door_path, layout_basic, serial_shops, shop,
          amcnicky_mini_corridor_feature, kennysheep_generic_room_14
D:3:      layout_basic, nicolae_overflow_crystal_walls, corexii_hall_statues_x,
          corner_web_ring, item_on_display_a
D:4:      layout_loops_ring, general_overflow_altar,
          eat_drink_and_be_merry_uskayaw, gammafunk_ghost_necromancy
D:5:      layout_gridville, gammafunk_ghost_arena
D:6:      layout_basic, minmay_temple_entry_steel_oval, uniq_sigmund
D:7:      layout_basic, grunt_temple_overflow_open, serial_shops, shop,
          nicolae_ossuary_entry_giza
D:8:      layout_rooms, kennysheep_slug_shrine, serial_shops, shop, minmay_bent,
          uniq_maggie
D:9:      layout_loops_corners, gammafunk_ghost_cemetery
D:10:     layout_cave_pods, dpeg_oklobed_lair, ebering_ghost_gozag, uniq_fannar
D:11:     layout_basic, orc_0_dummy
D:12:     layout_basic, serial_shops, shop
D:13:     layout_basic, grunt_vaults_entry_fortified
D:14:     layout_long_grid, trog_three_pillars_becter,
          kennysheep_cross_bottleneck
D:15:     grunt_enter_depths_magical_seal, layout_loops_corners,
          roderic_cross_of_infinity, uniq_jorgrun
Temple:   jpeg_temple_clearing
Lair:1:   layout_loops_ring, beast_lair_carwin_11, infiniplex_staircase_pool
Lair:2:   layout_loops_ring, skrybe_swamp_entry_bodies,
          minmay_snake_entry_six_corridors, minmay_lair_oklob_chamber
Lair:3:   layout_big_grid, chequers_serial_rivers_small_a, uniq_sonja
Lair:4:   layout_hall_layers, basic_altar, uniq_nessos
Lair:5:   layout_layer_cave, ebering_ghost_reflecting_pool, grunt_megastairs_2
Lair:6:   minmay_lair_end_frog_pond, layout_regular_city,
          dpeg_slime_entry_enclosed_altar, minmay_lair_oklob_items
Snake:1:  layout_basic, grunt_ministairs_10, serial_bayou_shore_a
Snake:2:  layout_honeycomb, grunt_ministairs_8, uniq_nikola
Orc:1:    layout_diamond_mine
Orc:2:    grunt_orc_tribal_feast, layout_diamond_mine

Skill      XL: |  1  2  3  4  5  6  7  8  9 10 11 12 13 14 15 16 |
---------------+-------------------------------------------------+-----
Poison Magic   | 2 3 4 5 6 7 8 9 |  9.4
Spellcasting   | 5 6 7 8 9 10 11 | 11.7
Invocations    | 1 2 3 4 5 6 7 8 9 10 11 | 11.6
Short Blades   | 1 2 3 4 5 6 7 8 9 10 | 10.7
Long Blades    | 1 2 3 4 5 6 7 8 9 10 | 10.7
Axes           | 1 2 3 4 5 6 7 8 9 10 | 10.7
Maces & Flails | 1 2 3 4 5 6 7 8 9 10 | 10.7
Polearms       | 1 2 3 4 5 6 7 8 9 10 | 10.7
Staves         | 1 2 3 4 5 6 7 8 9 10 | 10.7
Slings         | 1 2 3 4 5 6 7 8 9 10 | 10.7
Crossbows      | 1 2 3 4 5 6 7 8 9 10 | 10.7
Throwing       | 1 2 3 4 5 6 7 8 9 10 | 10.7
Dodging        | 1 2 3 4 5 6 7 8 9 10 | 10.7
Stealth        | 1 2 3 4 5 6 7 8 9 10 | 10.7
Unarmed Combat | 1 2 3 4 5 6 7 8 9 10 | 10.7
Hexes          | 1 2 3 4 5 6 7 8 9 |  9.1
Summonings     | 1 2 3 4 5 6 7 8 9 |  9.1
Necromancy     | 1 2 3 4 5 6 7 8 9 |  9.1
Translocations | 1 2 3 4 5 6 7 8 9 |  9.1
Transmutations | 1 2 3 4 5 6 7 8 9 |  9.1
Fire Magic     | 1 2 3 4 5 6 7 8 9 |  9.1
Ice Magic      | 1 2 3 4 5 6 7 8 9 |  9.1
Air Magic      | 1 2 3 4 5 6 7 8 9 |  9.1
Earth Magic    | 1 2 3 4 5 6 7 8 9 |  9.1
Fighting       | 3 4 5 6 7 8 9 10 11 | 11.0
Bows           | 3 4 5 6 7 8 9 10 11 | 11.0
Armour         | 3 4 5 6 7 8 9 10 11 | 11.0
Shields        | 3 4 5 6 7 8 9 10 11 | 11.0
Evocations     | 3 4 5 6 7 8 9 10 11 | 11.0
Conjurations   | 4 5 6 7 8 9 |  9.9

Action                   |  1- 3 |  4- 6 |  7- 9 | 10-12 | 13-15 | 16-18 || total
-------------------------+-------+-------+-------+-------+-------+-------++-------
Melee: Dagger            |    18 |    72 |   148 |   205 |       |       ||   443
       Bite              |       |     3 |    15 |    62 |    42 |     5 ||   127
       Punch             |       |     1 |     3 |    16 |    13 |       ||    33
       Unarmed           |       |       |     1 |       |       |       ||     1
       Flail             |       |       |       |   157 |   178 |       ||   335
       Double sword      |       |       |       |       |     9 |    24 ||    33
 Fire: Shortbow          |       |       |    30 |   227 |    78 |       ||   335
       Longbow           |       |       |       |       |   151 |       ||   151
 Cast: Foxfire           |    55 |    72 |   236 |   187 |       |       ||   550
       Poisonous Vapours |       |       |       |    10 |       |       ||    10
       Mephitic Cloud    |       |       |       |    19 |    40 |       ||    59
       Lee's Rapid Decon |       |       |       |     8 |    10 |       ||    18
       Stone Arrow       |       |       |       |     9 |   505 |    53 ||   567
       Fireball          |       |       |       |     5 |    13 |       ||    18
       Hailstorm         |       |       |       |     4 |     1 |       ||     5
       Summon Lightning  |       |       |       |       |    59 |     8 ||    67
       Freezing Cloud    |       |       |       |       |    28 |    22 ||    50
Evoke: Wand              |       |     3 |     4 |     3 |     6 |       ||    16
       Box of beasts     |       |       |       |     1 |       |       ||     1
       Lightning rod     |       |       |       |       |     1 |       ||     1
  Use: Scroll            |       |     3 |    11 |     6 |    13 |     1 ||    34
       Potion            |       |     1 |       |       |     1 |     1 ||     3
 Stab: Sleeping          |       |     2 |     4 |     7 |       |       ||    13
       Distracted        |       |       |     1 |     1 |       |       ||     2
       Confused          |       |       |       |     8 |     7 |       ||    15
Armor: Robe              |     5 |     3 |       |       |       |       ||     8
       Leather armour    |       |     6 |    63 |     2 |       |       ||    71
       Swamp dragon scal |       |       |       |   195 |   216 |    16 ||   427
Dodge: Dodged            |    13 |    36 |   146 |   265 |   432 |    20 ||   912
Block: Kite shield       |       |       |       |       |    19 |    25 ||    44
       Rpst.: Double sword |       |       |       |       |     4 |     5 ||     9

Table legend: (Time is in decaauts)
 A = Elapsed time spent in this place.
 B = Non-inter-level travel time spent in this place.
 C = Inter-level travel time spent in this place.
 D = Time resting spent in this place.
 E = Time spent auto-exploring this place.
 F = Levels seen in this place.
 G = Mean time per level.
                   A        B        C        D        E       F      G
               +--------+--------+--------+--------+--------+-----+--------+
         Total |  40864 |  39311 |   1553 |   6216 |  26850 |  27 | 1513.5 |
       Dungeon |  21270 |  20299 |    971 |   2406 |  14646 |  15 | 1418.0 |
        Temple |    203 |    176 |     27 |      0 |     97 |   1 |  203.0 |
          Lair |  12390 |  11963 |    427 |   3217 |   6852 |   6 | 2065.0 |
     Snake Pit |   3712 |   3689 |     23 |    232 |   3030 |   2 | 1856.0 |
  Orcish Mines |   2532 |   2428 |    104 |    212 |   1737 |   2 | 1266.0 |
       Ossuary |    755 |    755 |      0 |    149 |    488 |   1 |  755.0 |
               +--------+--------+--------+--------+--------+-----+--------+

Top non-repeatable levels by time:
  Lair:5: 3624 daAuts
  Lair:2: 3373 daAuts
    D:10: 2538 daAuts
  Lair:6: 2108 daAuts
     D:2: 2059 daAuts
 Snake:2: 1902 daAuts
     D:7: 1818 daAuts
 Snake:1: 1809 daAuts
    D:15: 1774 daAuts
    D:13: 1700 daAuts
   Orc:2: 1671 daAuts
     D:5: 1605 daAuts
  Lair:1: 1457 daAuts
     D:3: 1457 daAuts
     D:8: 1409 daAuts
